 Dungeon Crawl Stone Soup version 0.13-a0-1638-g9943704 (webtiles) character file.

184 Diracelecht the Distorting Demonspawn (level 3, 0/28 HPs)
             Began as a Demonspawn Abyssal Knight on June 17, 2013.
             Was a Believer of Lugonu.
             Slain by Grinder (4 damage)
             ... on Level 3 of the Dungeon.
             The game lasted 00:05:10 (1703 turns).

Diracelecht the Distorting Demonspawn (DsAK)        Turns: 1703, Time: 00:05:10

HP   0/28        AC  7     Str 12      XL: 3   Next: 62%
MP   0/5         EV  7     Int 13      God: Lugonu [**....]
Gold 131         SH  0     Dex 13      Spells:  0 memorised,  2 levels left

Res.Fire  : . . .   See Invis. : .   a - +2 mace
Res.Cold  : . . .   Warding    : .   l - +0 elf scale mail
Life Prot.: . . .   Conserve   : .   (no shield)
Res.Poison: .       Res.Corr.  : .   (no helmet)
Res.Elec. : .       Clarity    : .   (no cloak)
Sust.Abil.: . .     Spirit.Shd : +   h - +0 pair of gauntlets
Res.Mut.  : .       Stasis     : .   (no boots)
Res.Rott. : .       Flight     : .   k - amulet of guardian spirit
Saprovore : . . .                    (no ring)
                                     (no ring)

@: not resistant to hostile enchantments, extremely unstealthy
A: claws 1
a: Depart the Abyss, Bend Space, Renounce Religion


You were on level 3 of the Dungeon.
You worshipped Lugonu.
Lugonu was most pleased with you.
You were hungry.

You visited 1 branch of the dungeon, and saw 3 of its levels.
You visited the Abyss 1 time.

You collected 111 gold pieces.

Inventory:

Hand weapons
 a - a +2,+2 mace (weapon)
Missiles
 e - 40 stones (quivered)
Armour
 h - a +0 pair of gauntlets (worn)
 l - a +0 elven scale mail (worn)
Comestibles
 c - 3 bread rations
 j - a choko
Scrolls
 b - 4 scrolls of remove curse {unknown}
 d - a scroll of blinking {unknown}
 g - 2 scrolls of enchant weapon II {unknown}
 i - a scroll of enchant weapon I {unknown}
 n - a scroll of recharging {unknown}
 q - a scroll of identify {unknown}
 t - a scroll of noise {unknown}
Jewellery
 k - an amulet of guardian spirit (around neck)
Potions
 f - a potion of slowing {unknown}
 m - a potion of curing {unknown}
 r - a potion of flight {unknown}
 s - a potion of resistance {unknown}
 u - a potion of might {unknown}
Miscellaneous
 o - a plain deck of war


   Skills:
 - Level 3.0 Fighting
 + Level 2.8 Maces & Flails
 - Level 1.7 Armour
 - Level 0.8 Dodging
 + Level 4.1 Invocations


You had 2 spell levels left.
You didn't know any spells.

Dungeon Overview and Level Annotations

Branches:
Dungeon (3/27)

Altars:
Nemelex Xobeh

Annotations
D:3 Broomstick's ghost, average NaFi; Grinder


Innate Abilities, Weirdness & Mutations

You have sharp fingernails.


Message History

You hit Grinder.
Grinder is almost dead.
Grinder says, "At least Makhleb appreciates what I'm doing."
Grinder hits you!
* * * LOW HITPOINT WARNING * * *
You writhe in agony.
You barely miss Grinder.
Grinder is almost dead.
Grinder gestures.
Grinder blinks!
Grinder completely misses you.
You hit Grinder.
Grinder is almost dead.
Grinder barely misses you.
You closely miss Grinder.
Grinder is almost dead.
Grinder hits you.
You writhe in agony.
Grinder hits you.
* * * LOW HITPOINT WARNING * * *
You writhe in agony.
You die...

# #
####.########.######
............@5.......
#######.#####.######
#.# # #.# #<#
.#######)#####.##
..................
...#
.########.#####..
....... #.#
.........#


You could see Grinder.

Vanquished Creatures
  A gnoll (D:1)
  A worm (D:2)
  4 bats
  3 goblins
  4 hobgoblins
  7 jackals (D:2)
  A ball python (D:1)
  3 giant cockroaches
  A giant newt (D:1)
  4 kobolds
  5 rats
34 creatures vanquished.

Vanquished Creatures (others)
  A goblin (D:1)
1 creature vanquished.

Grand Total: 35 creatures vanquished

Notes
Turn   | Place    | Note
--------------------------------------------------------------
     0 | Abyss:1  | Diracelecht, the Demonspawn Abyssal Knight, began the quest for the Orb.
     0 | Abyss:1  | Reached XP level 1. HP: 16/16 MP: 1/1
    74 | Abyss:1  | Noticed a smoke demon
    81 | D:1      | Escaped the Abyss
   341 | D:2      | Gained mutation: You have sharp fingernails. [demonic ancestry]
   341 | D:2      | Reached XP level 2. HP: 16/22 MP: 2/2
   629 | D:1      | Acquired Lugonu's second power
   629 | D:1      | Reached XP level 3. HP: 16/28 MP: 4/4
  1037 | D:2      | Found a sparkling altar of Nemelex Xobeh.
  1472 | D:3      | Reached skill level 4 in Invocations
  1487 | D:3      | Noticed Broomstick's ghost (average NaFi)
  1674 | D:3      | Noticed Grinder
  1679 | D:3      | Paralysed by Grinder for 3 turns
  1703 | D:3      | Slain by Grinder

Action                   || total
-------------------------++-------
Melee: Mace              ||   107
Throw: Stone             ||     6
